 Dungeon Crawl Stone Soup version 0.17.1-2-g5865329 (webtiles) character file.

12128 Beholder179 the Protected (level 12, -2/95 HPs)
             Began as a Human Wanderer on Jan 20, 2016.
             Was an Elder of Nemelex Xobeh.
             Slain by a blink frog (11 damage)
             ... on level 1 of the Lair of Beasts.
             The game lasted 01:53:28 (10897 turns).

Beholder179 the Protected (Human Wanderer)         Turns: 10897, Time: 01:53:30

Health: -2/95      AC: 23    Str: 17    XL:     12   Next: 16%
Magic:  15/21      EV:  7    Int: 17    God:    Nemelex Xobeh [****..]
Gold:   383        SH:  0    Dex: 12    Spells: 4 memorised, 15 levels left

rFire  x . .     SeeInvis .     z - +4 trident (freeze)
rCold  + . .     Clarity  .     m - +4 chain mail
rNeg   . . .     SustAt   .     (no shield)
rPois  +         Gourm    .     o - +0 helmet
rElec  .         Spirit   .     B - +2 cloak
rCorr  .         Warding  .     Z - +2 pair of gloves {Dex+3}
rMut   .         Stasis   .     (no boots)
MR     .....                    Q - amulet of regeneration
Stlth  ..........               A - ring of ice
                                j - ring of poison resistance

@: about to teleport, singing (expiring), not resistant to hostile enchantments,
extremely unstealthy
A: no striking features
a: Triple Draw, Deal Four, Renounce Religion, Stop Singing


You were on level 1 of the Lair of Beasts.
You worshipped Nemelex Xobeh.
Nemelex Xobeh was greatly pleased with you.
You were not hungry.

You visited 2 branches of the dungeon, and saw 12 of its levels.
You also visited: Sewer.

You collected 663 gold pieces.
You spent 280 gold pieces at shops.

Inventory:

Hand Weapons
 s - a +0 triple sword
 z - a +4 trident of freezing (weapon)
 L - a +3 great sword
Missiles
 b - 5 poisoned tomahawks
 N - a throwing net
 P - 5 steel tomahawks (quivered)
Armour
 m - a +4 chain mail (worn)
 o - a +0 helmet (worn)
 B - a +2 cloak (worn)
 W - the +3 shield "Besiasak" {Dex+3}
   (You found it on level 10 of the Dungeon)

   It affects your dexterity (+3).
 Z - a +2 pair of gloves of dexterity (worn)
Jewellery
 j - a ring of poison resistance (left hand)
 A - a ring of ice (right hand)
 M - an uncursed ring of ice
 Q - an amulet of regeneration (around neck)
Wands
 C - a wand of paralysis (6)
 S - a wand of flame (7)
 Y - a wand of digging (15)
Scrolls
 c - 2 scrolls of teleportation
 d - 4 scrolls of remove curse
 i - 2 scrolls of blinking {unknown}
 q - 2 scrolls of random uselessness {unknown}
 r - 5 scrolls of magic mapping
 v - 2 scrolls of enchant armour {unknown}
 y - 2 scrolls of fear {unknown}
 G - a scroll of vulnerability {unknown}
 H - 3 scrolls of amnesia {unknown}
 I - 3 scrolls of immolation {unknown}
 R - a scroll of fog {unknown}
Potions
 f - 3 potions of ambrosia
 k - 2 potions of poison {unknown}
 l - 5 potions of resistance
 u - 3 potions of curing
 w - 3 potions of flight {unknown}
 x - a potion of magic {unknown}
 J - a potion of agility {unknown}
Books
 a - a book of Battle

   Spells                             Type                      Level
   a - Infusion                       Charms                       1
   b - Shroud of Golubria             Charms/Translocation         2
   c - Song of Slaying                Charms                       2
   d - Spectral Weapon                Hexes/Charms                 3
   e - Regeneration                   Charms/Necromancy            3
 V - a book of Minor Magic

   Spells                             Type                      Level
   a - Magic Dart                     Conjuration                  1
   b - Blink                          Translocation                2
   c - Call Imp                       Summoning                    2
   d - Repel Missiles                 Charms/Air                   2
   e - Slow                           Hexes                        2
   f - Conjure Flame                  Conjuration/Fire             3
   g - Mephitic Cloud                 Conjuration/Poison/Air       3
Miscellaneous
 g - a legendary deck of war
 h - a plain deck of destruction
 n - an ornate deck of escape
 p - a plain deck of war {drawn: 1}
 t - a plain deck of escape {drawn: 10}
 E - a plain deck of changes
 F - a plain deck of destruction {drawn: 7}
 K - an ornate deck of war
 X - an ornate deck of defence
Comestibles
 e - 10 bread rations
 O - 5 beef jerkies
 U - a meat ration


   Skills:
 + Level 9.0 Fighting
 - Level 0.8 Long Blades
   Level 1.0(4.4) Axes
 - Level 6.9(7.0) Polearms
 - Level 1.0 Throwing
 + Level 9.8 Armour
 * Level 3.2 Shields
 * Level 6.2 Spellcasting
 - Level 6.0 Charms
 * Level 7.4 Evocations


You had 15 spell levels left.
You knew the following spells:

 Your Spells              Type           Power        Failure   Level  Hunger
a - Shroud of Golubria    Chrm/Tloc      ###.......   56%         2    None
b - Song of Slaying       Chrm           ####....     17%         2    None
c - Blink                 Tloc           N/A          99%         2    None
d - Repel Missiles        Chrm/Air       ###...       56%         2    None


Dungeon Overview and Level Annotations

Branches:
Dungeon (10/15)            Temple (0/1) D:6            Lair (2/8) D:8
    Orc (0/4) D:10

Altars:
Ashenzari
Cheibriados
Dithmenos
Elyvilon
Fedhas
Makhleb
Nemelex Xobeh
Okawaru
Qazlal
Ru
Sif Muna
Vehumet
Zin
The Shining One

Shops:
D:10 :


Message History

As you read the scroll of teleportation, it crumbles to dust.
You feel strangely unstable.
The blink frog blinks!
The blink frog hits you.
* * * LOW HITPOINT WARNING * * *
The blink frog blinks!
The river rat barely misses you. The river rat bites you.
* * * LOW HITPOINT WARNING * * *
Your song is almost over.
The blink frog blinks!
The river rat bites you.
* * * LOW HITPOINT WARNING * * *
The blink frog blinks!
You see here a river rat corpse.
Okay, then.
Casting: Song of Slaying
Confirm with . or Enter, or press ? or * to list all spells.
Space distorts slightly along a thin shroud covering your body.
The river rat barely misses you.
The river rat bites you but does no damage.
The blink frog hits you!
You die...
Your body glows with a rainbow of weird colours and disappears.

###### #### ###
#.##.#####..###P########
#.....r.................
##.....r@.F.....#.#.#.#..
#.......§F.............#.
##...####...#...#......#.
#...#......#...P......P.
##...#...................
#P...#......#†.........#.
##..........+...#........
#..........#..........#.
#...##.###.#...#......+.


You could see 2 blink frogs and 2 river rats.

Vanquished Creatures
  Fannar (Lair:2)
  A hydra (Lair:1)
  A hill giant (D:10)
  2 elephants
  4 komodo dragons (Lair:1)
  A troll (D:10)
  A two-headed ogre (D:7)
  A trapdoor spider zombie (D:10)
  2 blink frogs
  A wyvern (D:8)
  A basilisk (D:8)
  2 fire bats
  5 yaks (D:10)
  3 hippogriffs
  2 hungry ghosts
  A deep elf mage (D:9)
  3 wolves (Lair:2)
  2 porcupines (Lair:1)
  2 water moccasins
  3 ice beasts
  6 ogres
  3 centaurs
  A big kobold (D:8)
  11 giant frogs
  2 gnoll sergeants
  A scorpion (D:10)
  9 killer bees (D:10)
  3 wights (D:7)
  3 centaur zombies
  3 crimson imps
  2 jellies
  2 orc priests
  A gnoll shaman (D:9)
  3 hounds
  2 giant frog skeletons
  5 hell rats (Lair:1)
  7 orc wizards
  15 worker ants
  10 iguanas
  A killer bee zombie (D:10)
  A hound skeleton (D:5)
  3 hound zombies
  21 gnolls
  5 river rats (Lair:1)
  A shadow imp (D:10)
  16 adders
  2 oozes
  5 worms
  10 giant geckos
  31 orcs
  10 bats
  9 hobgoblins
  14 jackals
  6 ball pythons
  15 giant cockroaches
  A giant gecko skeleton (D:7)
  A giant gecko zombie (D:8)
  7 giant newts
  8 goblins
  A jackal skeleton (D:6)
  8 kobolds
  3 quokkas
  A quokka skeleton (D:5)
  2 quokka zombies
  12 rats
322 creatures vanquished.

Vanquished Creatures (collateral kills)
  The ghost of Caphalor the Fencer, a journeyman DsAK of Lugonu (Lair:2)
  A komodo dragon (Lair:1)
  A wolf (Lair:2)
  A wyvern zombie (D:8)
  A worker ant (D:9)
  An iguana (Lair:1)
  A gnoll (D:9)
7 creatures vanquished.

Vanquished Creatures (others)
  An orc wizard (D:4)
  A fungus (Lair:2)
2 creatures vanquished.

Grand Total: 331 creatures vanquished

Notes
Turn   | Place    | Note
--------------------------------------------------------------
     0 | D:1      | Beholder179 the Human Wanderer began the quest for the Orb.
     0 | D:1      | Beholder179 set off with: a book of Battle, a +0 ring mail, a scroll of teleportation, a +0 club, a bread ration
     0 | D:1      | Reached XP level 1. HP: 16/16 MP: 1/1
   102 | D:1      | Reached XP level 2. HP: 16/23 MP: 2/2
   379 | D:1      | Learned a level 2 spell: Shroud of Golubria
   651 | D:2      | Reached XP level 3. HP: 29/29 MP: 2/4
   902 | D:2      | Reached skill level 1 in Armour
   904 | D:2      | Reached XP level 4. HP: 35/35 MP: 5/5
  1073 | D:2      | Reached skill level 1 in Spellcasting
  1183 | D:2      | You fall through a shaft!
  1209 | D:3      | Found a shadowy altar of Dithmenos.
  1298 | D:3      | Reached XP level 5. HP: 42/42 MP: 6/6
  1301 | D:3      | Found a glowing drain.
  1330 | Sewer    | Entered a sewer
  1576 | Sewer    | Reached XP level 6. HP: 36/49 MP: 6/8
  2518 | D:3      | Found a faded altar to an unknown god.
  2662 | D:3      | Found a blossoming altar of Fedhas.
  2666 | D:3      | Found a stormy altar of Qazlal.
  2911 | D:3      | Became a worshipper of Nemelex Xobeh the Trickster
  2911 | D:3      | Received a gift from Nemelex Xobeh
  2911 | D:3      | Reached * piety under Nemelex Xobeh
  3431 | D:4      | Reached XP level 7. HP: 42/55 MP: 9/9
  3569 | D:4      | Reached skill level 5 in Fighting
  3605 | D:4      | Received a gift from Nemelex Xobeh
  3700 | D:4      | Reached ** piety under Nemelex Xobeh
  3938 | D:5      | Entered Level 5 of the Dungeon
  4184 | D:5      | Reached skill level 1 in Polearms
  4184 | D:5      | Reached XP level 8. HP: 63/63 MP: 11/11
  4199 | D:5      | Found an iron altar of Okawaru.
  4272 | D:5      | Found a snail-covered altar of Cheibriados.
  4363 | D:5      | Received a gift from Nemelex Xobeh
  4571 | D:5      | Found a glowing silver altar of Zin.
  4649 | D:5      | Reached skill level 5 in Armour
  4944 | D:5      | Found a shattered altar of Ashenzari.
  4944 | D:5      | Found a glowing golden altar of the Shining One.
  5078 | D:6      | Learned a level 2 spell: Song of Slaying
  5080 | D:6      | Found a staircase to the Ecumenical Temple.
  5090 | D:6      | Got a smelly ring mail
  5101 | D:6      | Identified the +1 ring mail of Iselub {rF+} (You found it on level 6 of the Dungeon)
  5223 | D:6      | Found a deep blue altar of Sif Muna.
  5225 | D:6      | Reached *** piety under Nemelex Xobeh
  5455 | D:6      | Received a gift from Nemelex Xobeh
  5629 | D:7      | Reached skill level 6 in Fighting
  5756 | D:7      | Reached XP level 9. HP: 50/69 MP: 12/12
  5884 | D:7      | Noticed a troll
  5886 | D:7      | a troll changed into a two-headed ogre
  5902 | D:7      | Found a sparkling altar of Nemelex Xobeh.
  6266 | D:7      | Received a gift from Nemelex Xobeh
  6893 | D:8      | Found a staircase to the Lair.
  6978 | D:8      | Received a gift from Nemelex Xobeh
  6980 | D:8      | Found a radiant altar of Vehumet.
  7126 | D:8      | Reached skill level 5 in Polearms
  7153 | D:8      | Reached **** piety under Nemelex Xobeh
  7216 | D:9      | Reached XP level 10. HP: 73/77 MP: 15/15
  7271 | D:9      | Reached skill level 7 in Armour
  7439 | D:9      | Got an ebony short sword
  7449 | D:9      | Identified the +2 short sword of Mutilation {vamp, MP-9 Int+6} (You found it on level 9 of the Dungeon)
  7623 | D:9      | Received a gift from Nemelex Xobeh
  7644 | D:9      | Reached skill level 5 in Evocations
  7658 | D:9      | Found a white marble altar of Elyvilon.
  7823 | D:9      | Found a burning altar of Makhleb.
  7892 | D:10     | Entered Level 10 of the Dungeon
  8150 | D:10     | Reached skill level 8 in Armour
  8227 | D:10     | Noticed a hill giant
  8238 | D:10     | Killed a hill giant
  8238 | D:10     | Reached XP level 11. HP: 76/85 MP: 18/18
  8246 | D:10     | Found a sacrificial altar of Ru.
  8301 | D:10     | Found Puagg's Book Shop.
  8329 | D:10     | Received a gift from Nemelex Xobeh
  8335 | D:10     | Reached skill level 5 in Spellcasting
  8457 | D:10     | Got a slimy shield
  8463 | D:10     | Identified the +3 shield "Besiasak" {Dex+3} (You found it on level 10 of the Dungeon)
  8827 | D:10     | Found a staircase to the Orcish Mines.
  8929 | Lair:1   | Entered Level 1 of the Lair of Beasts
  9040 | D:10     | Bought a book of Minor Magic for 280 gold pieces
  9043 | D:10     | Learned a level 2 spell: Blink
  9046 | D:10     | Learned a level 2 spell: Repel Missiles
  9323 | Lair:1   | Reached ***** piety under Nemelex Xobeh
  9432 | Lair:1   | Reached skill level 1 in Shields
  9434 | Lair:1   | Received a gift from Nemelex Xobeh
  9996 | Lair:2   | Noticed Caphalor's ghost (journeyman DsAK)
 10139 | Lair:2   | Reached skill level 9 in Armour
 10140 | Lair:2   | Noticed a seven-headed hydra
 10413 | Lair:1   | Killed a seven-headed hydra
 10486 | Lair:2   | Noticed Fannar
 10641 | Lair:2   | Killed Fannar
 10661 | Lair:2   | Killed Caphalor's ghost
 10704 | Lair:2   | Reached XP level 12. HP: 92/94 MP: 21/21
 10897 | Lair:1   | Slain by a blink frog

Action                   |  1- 3 |  4- 6 |  7- 9 | 10-12 || total
-------------------------+-------+-------+-------+-------++-------
Melee: Hand axe          |    40 |   237 |       |       ||   277
       Trident           |       |    17 |   514 |   582 ||  1113
Throw: Tomahawk          |       |       |     9 |    13 ||    22
       Throwing net      |       |       |       |     4 ||     4
 Cast: Song of Slaying   |       |       |     1 |    11 ||    12
       Shroud of Golubri |       |       |       |     5 ||     5
Invok: Triple Draw       |       |       |       |     3 ||     3
       Deal Four         |       |       |       |     1 ||     1
Evoke: Wand              |       |       |    11 |    11 ||    22
       Deck              |       |       |     3 |    18 ||    21
  Use: Scroll            |     1 |     3 |     4 |     3 ||    11
 Stab: Paralysed         |       |       |       |     8 ||     8
       Distracted        |       |       |       |     3 ||     3
  Eat: Chunk             |       |     7 |     3 |     3 ||    13
       Pizza             |       |     1 |       |     1 ||     2
       Meat ration       |       |       |     1 |     4 ||     5
       Bread ration      |       |       |     3 |       ||     3
       Beef jerky        |       |       |     1 |     2 ||     3
